Workbook
Name \C: #REF!
Name \D: #REF!
Name \G: #REF!
Name \I: #REF!
Name \l: #REF!
Name \M: #REF!
Name \P: #REF!
Name \q: #REF!
Name \R: #REF!
Name \s: #REF!
Name \t: #REF!
Name \Y: #REF!
Name _: #REF!
Name ___\C: #REF!
Name ___\D: #REF!
Name ___\G: #REF!
Name ___\I: #REF!
Name ___\l: #REF!
Name ___\M: #REF!
Name ___\P: #REF!
Name ___\q: #REF!
Name ___\R: #REF!
Name ___\s: #REF!
Name ___\t: #REF!
Name ___\Y: #REF!
Name _____________________________________Ext2: #REF!
Name _________________________________CC709: #REF!
Name ________________________________Ext2: #REF!
Name ______________________________Ext2: #REF!
Name _____________________________PL1: #REF!
Name ____________________________CC709: #REF!
Name ____________________________PL1: #REF!
Name ___________________________PL1: #REF!
Name __________________________PL1: #REF!
Name _________________________PL1: #REF!
Name ________________________PL1: #REF!
Name _______________________PL1: #REF!
Name ______________________PL1: #REF!
Name ______________________r: #REF!
Name _____________________Ext2: #REF!
Name _____________________PL1: #REF!
Name _____________________r: #REF!
Name ____________________Ext2: #REF!
Name ____________________PL1: #REF!
Name ____________________r: #REF!
Name ___________________CC709: #REF!
Name ___________________Ext2: #REF!
Name ___________________KM406407: #REF!
Name ___________________OUT98: #REF!
Name ___________________PL1: #REF!
Name ___________________r: #REF!
Name __________________Ext2: #REF!
Name __________________KM406407: #REF!
Name __________________OUT98: #REF!
Name __________________PL1: #REF!
Name __________________r: #REF!
Name _________________Ext2: #REF!
Name _________________KM406407: #REF!
Name _________________OUT98: #REF!
Name _________________PL1: #REF!

Sheet Resumo do Orçamento
A2: PLANILHA RESUMO DE ORÇAMENTO SEM DESONERAÇÃO
A3: Obra: | B3: CONTRATAÇÃO DE EMPRESA ESPECIALIZADA EM ENGENHARIA PARA EXECUÇÃO DE SERVIÇOS DE REFORMA E AMPLIAÇÃO DA INFRAESTRUTURA URBANA E PAISAGÍSTICA DESTINADA À IMPLANTAÇÃO DE PARQUE LINEAR INTEGRADO AO PARQUE ESTADUAL HORTO DE DOIS IRMÃOS, LOCALIZADO NO MUNICÍPIO DO RECIFE, ESTADO DE PERNAMBUCO | C3: Responsável técnico: | D3: JOSÉ DYEGO RAMOS
A4: Local: | B4: PRAÇA FARIAS NEVES, S/N - DOIS IRMÃOS, RECIFE - PE, 52171-011 | C4: BDI DE SERVIÇO: | D4: 0.2303
A5: Data base: | B5: SINAPI - 12/25 E COMPOSIÇÕES PRÓPRIAS | C5: MERO FORNECIMENTO E MERO FORNECIMENTO COM INSTALAÇÃO | D5: 15,28% E 19,62%
A6: Prazo de execução: | B6: 06 MESES | C6: ENCARGOS SOCIAIS | D6: 113,84% (HORA); 70,11% (MÊS)
C7: TOTAL COM BDI | D7: 9117225.2
C8: BDI | D8: 1667763.8
C9: TOTAL SEM BDI | D9: 7449461.4
A10: Item | B10: Descrição | C10: Total | D10: Peso (%)
A11: 1 | B11: ADMINISTRAÇÃO LOCAL | C11: 593385.4 | D11: =C11 / $D$7 -> 0.065083991
A12: 2 | B12: INSTALAÇÕES PROVISÓRIAS | C12: 348177.87 | D12: =C12 / $D$7 -> 0.038189017
A13: 2.1 | B13: CANTEIRO | C13: 325718.63 | D13: =C13 / $D$7 -> 0.035725632
A14: 2.2 | B14: MOBILIZAÇÃO E DESMOBILIZAÇÃO | C14: 22459.24 | D14: =C14 / $D$7 -> 0.0024633855
A15: 3 | B15: DEMOLIÇÕES E REMOÇÕES | C15: 26153.96 | D15: =C15 / $D$7 -> 0.0028686316
A16: 4 | B16: QUIOSQUES (3 UNIDADES) | C16: 1067372 | D16: =C16 / $D$7 -> 0.11707202
A17: 4.1 | B17: INFRAESTRUTURA | C17: 86780.95 | D17: =C17 / $D$7 -> 0.0095183511
A18: 4.2 | B18: SUPERESTRUTURA | C18: 45930.74 | D18: =C18 / $D$7 -> 0.0050377981
A19: 4.3 | B19: PERGOLADO MADEIRA | C19: 636847.95 | D19: =C19 / $D$7 -> 0.069851072
A20: 4.4 | B20: ALVENARIAS, VEDAÇÕES E DIVISÓRIAS | C20: 39328.87 | D20: =C20 / $D$7 -> 0.0043136886
A21: 4.5 | B21: COBERTURA | C21: 46442.51 | D21: =C21 / $D$7 -> 0.0050939303
A22: 4.6 | B22: IMPERMEABILIZAÇÃO | C22: 13026.36 | D22: =C22 / $D$7 -> 0.0014287637
A23: 4.7 | B23: PISOS | C23: 14894.92 | D23: =C23 / $D$7 -> 0.001633712
A24: 4.8 | B24: REVESTIMENTOS | C24: 7771.57 | D24: =C24 / $D$7 -> 0.00085240518
A25: 4.9 | B25: PINTURA | C25: 12807.22 | D25: =C25 / $D$7 -> 0.0014047278
A26: 4.10 | B26: FORRO E ACABAMENTOS TETO | C26: 10729.33 | D26: =C26 / $D$7 -> 0.0011768197
A27: 4.11 | B27: ESQUADRIAS | C27: 43895.87 | D27: =C27 / $D$7 -> 0.0048146085
A28: 4.12 | B28: LOUÇAS E METAIS | C28: 20379.19 | D28: =C28 / $D$7 -> 0.0022352404
... A31: 4.15 | B31: INSTALAÇÕES HIDROSANITÁRIAS | C31: 10571.19 | D31: =C31 / $D$7 -> 0.0011594745
A32: 5 | B32: BILHETERIA | C32: 525283 | D32: =C32 / $D$7 -> 0.05761435
A33: 5.1 | B33: INFRAESTRUTURA | C33: 67584.33 | D33: =C33 / $D$7 -> 0.0074128179
A34: 5.2 | B34: SUPERESTRUTURA | C34: 33820.56 | D34: =C34 / $D$7 -> 0.0037095234
A35: 5.3 | B35: PERGOLADO DE MADEIRA | C35: 126733.51 | D35: =C35 / $D$7 -> 0.013900448
A36: 5.4 | B36: ALVENARIAS, VEDAÇÕES E DIVISÓRIAS | C36: 23861.3 | D36: =C36 / $D$7 -> 0.0026171669
A37: 5.5 | B37: COBERTURA | C37: 16225.94 | D37: =C37 / $D$7 -> 0.0017797016
A38: 5.6 | B38: IMPERMEABILIZAÇÃO | C38: 5032.86 | D38: =C38 / $D$7 -> 0.00055201664
A39: 5.7 | B39: PISOS | C39: 14051.41 | D39: =C39 / $D$7 -> 0.0015411937
A40: 5.8 | B40: REVESTIMENTOS | C40: 6632 | D40: =C40 / $D$7 -> 0.0007274143
A41: 5.9 | B41: PINTURA | C41: 3578.59 | D41: =C41 / $D$7 -> 0.00039250868
A42: 5.10 | B42: FORRO E ACABAMENTOS TETO | C42: 10975.63 | D42: =C42 / $D$7 -> 0.0012038345
A43: 5.11 | B43: ESQUADRIAS | C43: 121299.04 | D43: =C43 / $D$7 -> 0.013304381
A44: 5.12 | B44: LOUÇAS E METAIS | C44: 22466.43 | D44: =C44 / $D$7 -> 0.0024641741
... A49: 5.17 | B49: CLIMATIZAÇÃO | C49: 14253.86 | D49: =C49 / $D$7 -> 0.0015633989
A50: 6 | B50: GUARITA | C50: 433295.94 | D50: =C50 / $D$7 -> 0.04752498
A51: 6.1 | B51: INFRAESTRUTURA | C51: 52199.91 | D51: =C51 / $D$7 -> 0.0057254163
A52: 6.2 | B52: SUPERESTRUTURA | C52: 46053.54 | D52: =C52 / $D$7 -> 0.0050512671
A53: 6.3 | B53: ALVENARIAS, VEDAÇÕES E DIVISÓRIAS | C53: 23367.3 | D53: =C53 / $D$7 -> 0.0025629838
A54: 6.4 | B54: COBERTURA | C54: 4001.58 | D54: =C54 / $D$7 -> 0.00043890328
A55: 6.5 | B55: IMPERMEABILIZAÇÃO | C55: 5024.71 | D55: =C55 / $D$7 -> 0.00055112273
A56: 6.6 | B56: COBERTURA VERDE | C56: 11705.41 | D56: =C56 / $D$7 -> 0.0012838786
A57: 6.7 | B57: PISOS | C57: 11028.63 | D57: =C57 / $D$7 -> 0.0012096476
A58: 6.8 | B58: REVESTIMENTOS | C58: 2036.74 | D58: =C58 / $D$7 -> 0.00022339472
A59: 6.9 | B59: PINTURA | C59: 8266 | D59: =C59 / $D$7 -> 0.0009066355
A60: 6.10 | B60: FORRO E ACABAMENTOS TETO | C60: 3919.97 | D60: =C60 / $D$7 -> 0.00042995209
A61: 6.11 | B61: ESQUADRIAS | C61: 165442.31 | D61: =C61 / $D$7 -> 0.018146125
A62: 6.12 | B62: LOUÇAS E METAIS | C62: 21355.36 | D62: =C62 / $D$7 -> 0.0023423092
... A67: 6.17 | B67: CLIMATIZAÇÃO | C67: 13087.73 | D67: =C67 / $D$7 -> 0.0014354949
A68: 7 | B68: BANHEIROS | C68: 473430.9 | D68: =C68 / $D$7 -> 0.051927082
A69: 7.1 | B69: INFRAESTRUTURA | C69: 89271.27 | D69: =C69 / $D$7 -> 0.0097914956
A70: 7.2 | B70: SUPERESTRUTURA | C70: 47006.35 | D70: =C70 / $D$7 -> 0.0051557737
A71: 7.3 | B71: ALVENARIAS, VEDAÇÕES E DIVISÓRIAS | C71: 38703.37 | D71: =C71 / $D$7 -> 0.0042450822
A72: 7.4 | B72: COBERTURA | C72: 4754.53 | D72: =C72 / $D$7 -> 0.00052148871
A73: 7.5 | B73: IMPERMEABILIZAÇÃO | C73: 22980.05 | D73: =C73 / $D$7 -> 0.0025205092
A74: 7.6 | B74: PISOS | C74: 29428.21 | D74: =C74 / $D$7 -> 0.0032277595
A75: 7.7 | B75: REVESTIMENTOS | C75: 82746.08 | D75: =C75 / $D$7 -> 0.0090757965
A76: 7.8 | B76: FORRO E ACABAMENTOS TETO | C76: 9315.28 | D76: =C76 / $D$7 -> 0.0010217231
A77: 7.9 | B77: ESQUADRIAS | C77: 24538.81 | D77: =C77 / $D$7 -> 0.0026914779
A78: 7.10 | B78: PINTURA | C78: 8331.7 | D78: =C78 / $D$7 -> 0.00091384164
A79: 7.11 | B79: LOUÇAS E METAIS | C79: 79096.86 | D79: =C79 / $D$7 -> 0.0086755409
A80: 7.12 | B80: INSTALAÇÕES ELÉTRICAS | C80: 17759.29 | D80: =C80 / $D$7 -> 0.0019478832
... A82: 7.14 | B82: INSTALAÇÕES HIDROSANITÁRIAS | C82: 18790.38 | D82: =C82 / $D$7 -> 0.0020609757
A83: 8 | B83: PÓRTICO/PORTARIA | C83: 344871.09 | D83: =C83 / $D$7 -> 0.037826321
A84: 8.1 | B84: INFRAESTRUTURA | C84: 50382.02 | D84: =C84 / $D$7 -> 0.0055260256
A85: 8.2 | B85: SUPERESTRUTURA | C85: 14383.68 | D85: =C85 / $D$7 -> 0.0015776379
A86: 8.3 | B86: PERGOLADO | C86: 152033.67 | D86: =C86 / $D$7 -> 0.016675432
A87: 8.4 | B87: ALVENARIAS, VEDAÇÕES E DIVISÓRIAS | C87: 15381.35 | D87: =C87 / $D$7 -> 0.0016870648
A88: 8.5 | B88: COBERTURA | C88: 8213.77 | D88: =C88 / $D$7 -> 0.00090090678
A89: 8.6 | B89: IMPERMEABILIZAÇÃO | C89: 6697.58 | D89: =C89 / $D$7 -> 0.00073460728
A90: 8.7 | B90: PISOS | C90: 5759.1 | D90: =C90 / $D$7 -> 0.00063167245
A91: 8.8 | B91: REVESTIMENTOS | C91: 936.03 | D91: =C91 / $D$7 -> 0.00010266611
A92: 8.9 | B92: FORRO E ACABAMENTOS TETO | C92: 2257.7 | D92: =C92 / $D$7 -> 0.00024763017
A93: 8.10 | B93: ESQUADRIAS | C93: 18474.02 | D93: =C93 / $D$7 -> 0.0020262766
A94: 8.11 | B94: PINTURA | C94: 7580.16 | D94: =C94 / $D$7 -> 0.00083141086
A95: 8.12 | B95: LOUÇAS E METAIS | C95: 16984.7 | D95: =C95 / $D$7 -> 0.0018629243
... A99: 8.16 | B99: INSTALAÇÕES HIDROSANITÁRIAS | C99: 5912.12 | D99: =C99 / $D$7 -> 0.00064845607
A100: 9 | B100: PAINEL | C100: 56459.82 | D100: =C100 / $D$7 -> 0.0061926539
A101: 9.1 | B101: INFRAESTRUTURA | C101: 16985.22 | D101: =C101 / $D$7 -> 0.0018629813
A102: 9.2 | B102: SUPERESTRUTURA - ESTRUTURA METÁLICA | C102: 39474.6 | D102: =C102 / $D$7 -> 0.0043296726
A103: 10 | B103: ÁREA EXTERNA - IMPLANTAÇÃO | C103: 5075534.3 | D103: =C103 / $D$7 -> 0.55669726
A104: 10.1 | B104: JARDIM SENSORIAL | C104: 108520.95 | D104: =C104 / $D$7 -> 0.011902848
A105: 10.2 | B105: DIVISÓRIA PARQUE/ZOOLÓGICO | C105: 480782.18 | D105: =C105 / $D$7 -> 0.052733389
A106: 10.3 | B106: DECK EM MADEIRA | C106: 400347.4 | D106: =C106 / $D$7 -> 0.043911101
A107: 10.4 | B107: INSTALAÇÕES ELÉTRICAS | C107: 655950.66 | D107: =C107 / $D$7 -> 0.071946305
A108: 10.5 | B108: INSTALAÇÕES HIDROSANITÁRIAS | C108: 415187.82 | D108: =C108 / $D$7 -> 0.045538836
A109: 10.6 | B109: PAISAGISMO | C109: 182994.63 | D109: =C109 / $D$7 -> 0.020071307
A110: 10.7 | B110: TERRAPLENAGEM | C110: 23760.62 | D110: =C110 / $D$7 -> 0.0026061241
A111: 10.8 | B111: DRENAGEM | C111: 471409.37 | D111: =C111 / $D$7 -> 0.051705356
A112: 10.9 | B112: PAVIMENTAÇÃO | C112: 2336580.7 | D112: =C112 / $D$7 -> 0.256282
A113: 11 | B113: LIMPEZA FINAL DE OBRA | C113: 3960.47 | D113: =C113 / $D$7 -> 0.00043439423
A114: 12 | B114: ELABORAÇÃO DE PROJETO EXECUTIVO | C114: 169300.46 | D114: =C114 / $D$7 -> 0.018569297
B116: PREÇO TOTAL COM BDI | C116: =D7 -> 9117225.2
...

Sheet Orçamento Sintético
A2: PLANILHA ORÇAMENTÁRIA SINTÉTICA SEM DESONERAÇÃO - MODELO LICITANTE
A3: ='Resumo do Orçamento'!A3 -> Obra: | B3: ='Resumo do Orçamento'!$B$3 -> CONTRATAÇÃO DE EMPRESA ESPECIALIZADA EM ENGENHARIA PARA EXECUÇÃO DE SERVIÇOS DE REFORMA E AMPLIAÇÃO DA INFRAESTRUTURA URBANA E PAISAGÍSTICA DESTINADA À IMPLANTAÇÃO DE PARQUE LINEAR INTEGRADO AO PARQUE ESTADUAL HORTO DE DOIS IRMÃOS, LOCALIZADO NO MUNICÍPIO DO RECIFE, ESTADO DE PERNAMBUCO | J3: ='Resumo do Orçamento'!C3 -> Responsável técnico:
A4: ='Resumo do Orçamento'!A4 -> Local: | B4: ='Resumo do Orçamento'!$B$4 -> PRAÇA FARIAS NEVES, S/N - DOIS IRMÃOS, RECIFE - PE, 52171-011 | J4: ='Resumo do Orçamento'!C4 -> BDI DE SERVIÇO:
A5: ='Resumo do Orçamento'!A5 -> Data base: | J5: ='Resumo do Orçamento'!C5 -> MERO FORNECIMENTO E MERO FORNECIMENTO COM INSTALAÇÃO
A6: ='Resumo do Orçamento'!A6 -> Prazo de execução: | J6: ='Resumo do Orçamento'!C6 -> ENCARGOS SOCIAIS
G7: Valor Final do Orçamento COM BDI | L7: =IF(K7='Resumo do Orçamento'!D7,"IGUAIS","VALOR DIVERGE DAS DEMAIS PLANILHAS") -> VALOR DIVERGE DAS DEMAIS PLANILHAS
G8: Valor do BDI
G9: Valor Final do Orçamento SEM BDI
A10: Item | B10: Código | C10: Banco | D10: Descrição | E10: Und | F10: Quant. | G10: Valor Unit | H10: BDI | I10: Valor Unit com BDI | J10: Total | K10: Peso (%)
A11: 1 | D11: ADMINISTRAÇÃO LOCAL | F11: 1
A12: 1.1 | B12: 21671 | C12: Próprio | D12: ADMINISTRAÇÃO LOCAL - PARQUE DOIS IRMÃOS. | E12: UN | F12: 1
A13: 2 | D13: INSTALAÇÕES PROVISÓRIAS | F13: 1
A14: 2.1 | D14: CANTEIRO | F14: 1
A15: 2.1.1 | B15: 98459 | C15: SINAPI | D15: TAPUME COM TELHA METÁLICA. AF_03/2024 | E15: m² | F15: 757.3
A16: 2.1.2 | B16: 103689 | C16: SINAPI | D16: FORNECIMENTO E INSTALAÇÃO DE PLACA DE OBRA COM CHAPA GALVANIZADA E ESTRUTURA DE MADEIRA. AF_03/2022_PS | E16: m² | F16: 20
A17: 2.1.3 | B17: 4981 | C17: Próprio | D17: ADESIVO PARA APLICAÇÃO EM TAPUME DE TELHA METÁLICA DE CONSTRUÇÃO | E17: m² | F17: 18.03
A18: 2.1.4 | B18: 344 | C18: Próprio | D18: LIGACAO PROVISORIA DE AGUA -PARA MEDICAO DE AGUA - ENTRADA PRINCIPAL, EM PVC SOLDÁVEL DN 25 (¾") FORNECIMENTO E INSTALAÇÃO (INCLUSIVE HIDRÔMETRO) | E18: UN | F18: 1
A19: 2.1.5 | B19: 101512 | C19: SINAPI | D19: ENTRADA DE ENERGIA ELÉTRICA, AÉREA, TRIFÁSICA, COM CAIXA DE EMBUTIR, CABO DE 35 MM2 E DISJUNTOR DIN 50A (NÃO INCLUSO O POSTE DE CONCRETO). AF_12/2025 | E19: UN | F19: 1
A20: 2.1.6 | B20: 962 | C20: Próprio | D20: EXECUÇÃO DE ALMOXARIFADO EM CANTEIRO DE OBRA EM CHAPA DE MADEIRA COMPENSADA, INCLUSO PRATELEIRAS. | E20: m² | F20: 15.1
A21: 2.1.7 | B21: 11839 | C21: Próprio | D21: LOCACAO DE CONTAINER 2,40 X 6,00 M, ALT. 2,50 M, PARA SANITARIO, COM 2 BACIAS, 4 CHUVEIROS, 2 LAVATORIOS E 2 MICTORIOS (NAO INCLUI MOBILIZACAO/DESMOBILIZACAO) | E21: MÊS | F21: 6
A22: 2.1.8 | B22: 20681 | C22: Próprio | D22: LOCACAO DE CONTAINER 2,30 X 6,00 M, ALT. 2,50 M, COM 1 SANITARIO, PARA ESCRITORIO, COMPLETO, SEM DIVISORIAS INTERNAS (NAO INCLUI MOBILIZACAO/DESMOBILIZACAO) | E22: MÊS | F22: 6
A23: 2.1.9 | B23: 362 | C23: Próprio | D23: EXECUÇÃO DE REFEITÓRIO EM CANTEIRO DE OBRA EM CHAPA DE MADEIRA COMPENSADA, NÃO INCLUSO MOBILIÁRIO E EQUIPAMENTOS. | E23: m² | F23: 32.4
A24: 2.1.10 | B24: 8211 | C24: Próprio | D24: BARRACÃO PARA VESTIÁRIO DE OPERÁRIOS EM TÁBUAS | E24: M² | F24: 78.1
A25: 2.1.11 | B25: 347 | C25: Próprio | D25: EXECUÇÃO DE CENTRAL DE ARMADURA EM CANTEIRO DE OBRA, NÃO INCLUSO MOBILIÁRIO E EQUIPAMENTOS | E25: m² | F25: 20
A26: 2.1.12 | B26: 2792 | C26: Próprio | D26: EXECUÇÃO DE GUARITA EM CANTEIRO DE OBRA EM CHAPA DE MADEIRA COMPENSADA, NÃO INCLUSO MOBILIÁRIO. AF_04/2016 | E26: m² | F26: 5
... A31: 2.1.17 | B31: 8294 | C31: Próprio | D31: MANUTENÇÃO DO CANTEIRO | E31: MÊS | F31: 6
A32: 2.2 | D32: MOBILIZAÇÃO E DESMOBILIZAÇÃO | F32: 1
A33: 2.2.1 | B33: 6592 | C33: Próprio | D33: MOBILIZAÇÃO OU DESMOBILIZAÇÃO DO CANTEIRO DE OBRAS - INCLUSIVE CARGA, DESCARGA E TRANSPORTE | E33: un | F33: 2
A34: 2.2.2 | B34: 6591 | C34: Próprio | D34: MOBILIZACAO OU DESMOBILIZACAO DE CONTAINER | E34: UN | F34: 4
A35: 2.2.3 | B35: 2698 | C35: Próprio | D35: MOBILIZACAO E DESMOBILIZACAO DE EQUIPAMENTOS - CARGA E DESCARGA | E35: T | F35: 88.48
A36: 2.2.4 | B36: 1400 | C36: Próprio | D36: MOBILIZACAO E DESMOBILIZACAO DE EQUIPAMENTOS - TRANSPORTE | E36: TXKM | F36: 619.362
A37: 3 | D37: DEMOLIÇÕES E REMOÇÕES | F37: 1
A38: 3.1 | B38: 97625 | C38: SINAPI | D38: DEMOLIÇÃO DE ALVENARIA PARA QUALQUER TIPO DE BLOCO, DE FORMA MECANIZADA, SEM REAPROVEITAMENTO. AF_09/2023 | E38: m³ | F38: 92.76
A39: 3.2 | B39: 97647 | C39: SINAPI | D39: REMOÇÃO DE TELHAS DE FIBROCIMENTO METÁLICA E CERÂMICA, DE FORMA MANUAL, SEM REAPROVEITAMENTO. AF_09/2023 | E39: m² | F39: 309.37
A40: 3.3 | B40: 97650 | C40: SINAPI | D40: REMOÇÃO DE TRAMA DE MADEIRA PARA COBERTURA, DE FORMA MANUAL, SEM REAPROVEITAMENTO. AF_09/2023 | E40: m² | F40: 309.37
A41: 3.4 | B41: 104790 | C41: SINAPI | D41: DEMOLIÇÃO DE PISO DE CONCRETO SIMPLES, DE FORMA MECANIZADA COM MARTELETE, SEM REAPROVEITAMENTO. AF_09/2023 | E41: m³ | F41: 30.94
A42: 3.5 | B42: 97629 | C42: SINAPI | D42: DEMOLIÇÃO DE LAJES, EM CONCRETO ARMADO, DE FORMA MECANIZADA COM MARTELETE, SEM REAPROVEITAMENTO. AF_09/2023 | E42: m³ | F42: 12.9
A43: 3.6 | B43: 100990 | C43: SINAPI | D43: CARGA, MANOBRA E DESCARGA DE SOLOS E MATERIAIS GRANULARES EM CAMINHÃO BASCULANTE 10 M³ - CARGA COM PÁ CARREGADEIRA (CAÇAMBA DE 1,7 A 2,8 M³ / 128 HP) E DESCARGA LIVRE (UNIDADE: T). AF_07/2020 | E43: T | F43: 160.31
A44: 3.7 | B44: 95878 | C44: SINAPI | D44: TRANSPORTE COM CAMINHÃO BASCULANTE DE 10 M³, EM VIA URBANA PAVIMENTADA, DMT ATÉ 30 KM (UNIDADE: TXKM). AF_07/2020 | E44: TXKM | F44: 881.71
A45: 3.8 | B45: 12010 | C45: Próprio | D45: DESTINAÇÃO FINAL DE MATERIAL ESCAVADO/ENTULHO/METRALHA (BOTA-FORA) PARA ATERRO SANITÁRIO - HORTO DOIS IRMÃOS | E45: T | F45: 160.31
A46: 4 | D46: QUIOSQUES (3 UNIDADES) | F46: 1
A47: 4.1 | D47: INFRAESTRUTURA | F47: 1
A48: 4.1.1 | B48: 21118 | C48: Próprio | D48: ESTACA PRÉ-MOLDADA DE CONCRETO SEÇÃO QUADRADA, CAPACIDADE DE 37 TONELADAS, QUADRADA DE 20X20, INCLUSO EMENDA (EXCLUSIVE MOBILIZAÇÃO E DESMOBILIZAÇÃO). | E48: M | F48: 210
A49: 4.1.2 | B49: 95601 | C49: SINAPI | D49: ARRASAMENTO MECANICO DE ESTACA DE CONCRETO ARMADO, DIAMETROS DE ATÉ 40 CM. AF_05/2021 | E49: UN | F49: 15
A50: 4.1.3 | B50: 99059 | C50: SINAPI | D50: LOCAÇÃO CONVENCIONAL DE OBRA, UTILIZANDO GABARITO DE TÁBUAS CORRIDAS PONTALETADAS A CADA 2,00M - 2 UTILIZAÇÕES. AF_03/2024 | E50: M | F50: 97.32
A51: 4.1.4 | B51: 96521 | C51: SINAPI | D51: ESCAVAÇÃO MECANIZADA PARA BLOCO DE COROAMENTO OU SAPATA COM RETROESCAVADEIRA (INCLUINDO ESCAVAÇÃO PARA COLOCAÇÃO DE FÔRMAS). AF_01/2024 | E51: m³ | F51: 13.8
A52: 4.1.5 | B52: 96534 | C52: SINAPI | D52: FABRICAÇÃO, MONTAGEM E DESMONTAGEM DE FÔRMA PARA BLOCO DE COROAMENTO, EM MADEIRA SERRADA, E=25 MM, 4 UTILIZAÇÕES. AF_01/2024 | E52: m² | F52: 14.1
A53: 4.1.6 | B53: 96619 | C53: SINAPI | D53: LASTRO DE CONCRETO MAGRO, APLICADO EM BLOCOS DE COROAMENTO OU SAPATAS, ESPESSURA DE 5 CM. AF_01/2024 | E53: m² | F53: 50.1
A54: 4.1.7 | B54: 96546 | C54: SINAPI | D54: ARMAÇÃO DE BLOCO UTILIZANDO AÇO CA-50 DE 10 MM - MONTAGEM. AF_01/2024 | E54: KG | F54: 101.7
A55: 4.1.8 | B55: 96557 | C55: SINAPI | D55: CONCRETAGEM DE BLOCO DE COROAMENTO OU VIGA BALDRAME, FCK 30 MPA, COM USO DE BOMBA - LANÇAMENTO, ADENSAMENTO E ACABAMENTO. AF_01/2024 | E55: m³ | F55: 5.88
A56: 4.1.9 | B56: 98557 | C56: SINAPI | D56: IMPERMEABILIZAÇÃO DE SUPERFÍCIE COM EMULSÃO ASFÁLTICA, 2 DEMÃOS. AF_09/2023 | E56: m² | F56: 101.04
A57: 4.1.10 | B57: 92759 | C57: SINAPI | D57: ARMAÇÃO DE PILAR OU VIGA DE ESTRUTURA CONVENCIONAL DE CONCRETO ARMADO UTILIZANDO AÇO CA-60 DE 5,0 MM - MONTAGEM. AF_06/2022 | E57: KG | F57: 17.7
A58: 4.1.11 | B58: 92762 | C58: SINAPI | D58: ARMAÇÃO DE PILAR OU VIGA DE ESTRUTURA CONVENCIONAL DE CONCRETO ARMADO UTILIZANDO AÇO CA-50 DE 10,0 MM - MONTAGEM. AF_06/2022 | E58: KG | F58: 74.7
A59: 4.1.12 | B59: 11760 | C59: Próprio | D59: CONCRETAGEM DE PILARES, FCK = 30 MPA, COM USO DE BOMBA - LANÇAMENTO, ADENSAMENTO E ACABAMENTO. | E59: m³ | F59: 0.57
... A65: 4.1.18 | B65: 96525 | C65: SINAPI | D65: ESCAVAÇÃO MECANIZADA PARA VIGA BALDRAME OU SAPATA CORRIDA COM MINI-ESCAVADEIRA (INCLUINDO ESCAVAÇÃO PARA COLOCAÇÃO DE FÔRMAS). AF_01/2024 | E65: m³ | F65: 15.21
A66: 4.2 | D66: SUPERESTRUTURA | F66: 1
A67: 4.2.1 | B67: 92762 | C67: SINAPI | D67: ARMAÇÃO DE PILAR OU VIGA DE ESTRUTURA CONVENCIONAL DE CONCRETO ARMADO UTILIZANDO AÇO CA-50 DE 10,0 MM - MONTAGEM. AF_06/2022 | E67: KG | F67: 373.2
A68: 4.2.2 | B68: 92759 | C68: SINAPI | D68: ARMAÇÃO DE PILAR OU VIGA DE ESTRUTURA CONVENCIONAL DE CONCRETO ARMADO UTILIZANDO AÇO CA-60 DE 5,0 MM - MONTAGEM. AF_06/2022 | E68: KG | F68: 151.5
A69: 4.2.3 | B69: 11760 | C69: Próprio | D69: CONCRETAGEM DE PILARES, FCK = 30 MPA, COM USO DE BOMBA - LANÇAMENTO, ADENSAMENTO E ACABAMENTO. | E69: m³ | F69: 2.31
A70: 4.2.4 | B70: 92443 | C70: SINAPI | D70: MONTAGEM E DESMONTAGEM DE FÔRMA DE PILARES RETANGULARES E ESTRUTURAS SIMILARES, PÉ-DIREITO SIMPLES, EM CHAPA DE MADEIRA COMPENSADA PLASTIFICADA, 18 UTILIZAÇÕES. AF_09/2020 | E70: m² | F70: 49.32
A71: 4.2.5 | B71: 92760 | C71: SINAPI | D71: ARMAÇÃO DE PILAR OU VIGA DE ESTRUTURA CONVENCIONAL DE CONCRETO ARMADO UTILIZANDO AÇO CA-50 DE 6,3 MM - MONTAGEM. AF_06/2022 | E71: KG | F71: 91.8
A72: 4.2.6 | B72: 92761 | C72: SINAPI | D72: ARMAÇÃO DE PILAR OU VIGA DE ESTRUTURA CONVENCIONAL DE CONCRETO ARMADO UTILIZANDO AÇO CA-50 DE 8,0 MM - MONTAGEM. AF_06/2022 | E72: KG | F72: 54
A73: 4.2.7 | B73: 92763 | C73: SINAPI | D73: ARMAÇÃO DE PILAR OU VIGA DE ESTRUTURA CONVENCIONAL DE CONCRETO ARMADO UTILIZANDO AÇO CA-50 DE 12,5 MM - MONTAGEM. AF_06/2022 | E73: KG | F73: 57.9
A74: 4.2.8 | B74: 10002 | C74: Próprio | D74: CONCRETAGEM DE VIGAS E LAJES, FCK=30 MPA, PARA LAJES MACIÇAS OU NERVURADAS COM USO DE BOMBA - LANÇAMENTO, ADENSAMENTO E ACABAMENTO. | E74: m³ | F74: 7.32
A75: 4.2.9 | B75: 92479 | C75: SINAPI | D75: MONTAGEM E DESMONTAGEM DE FÔRMA DE VIGA, ESCORAMENTO COM GARFO DE MADEIRA, PÉ-DIREITO SIMPLES, EM CHAPA DE MADEIRA PLASTIFICADA, 18 UTILIZAÇÕES. AF_09/2020 | E75: m² | F75: 94.26
A76: 4.2.10 | B76: 21603 | C76: Próprio | D76: LAJE PRÉ-MOLDADA UNIDIRECIONAL, BIAPOIADA, ENCHIMENTO EM EPS, VIGOTA TRELIÇADA, ALTURA TOTAL DA LAJE (ENCHIMENTO+CAPA) = (8+4). | E76: m² | F76: 20.88
A77: 4.2.11 | B77: 6769 | C77: Próprio | D77: LAJE PRÉ-MOLDADA UNIDIRECIONAL, BIAPOIADA, ENCHIMENTO EM EPS, VIGOTA TRELIÇADA, ALTURA TOTAL DA LAJE (ENCHIMENTO+CAPA) = (16+4). | E77: m² | F77: 43.35
A78: 4.3 | D78: PERGOLADO MADEIRA | F78: 1
A79: 4.3.1 | D79: INFRAESTRUTURA | F79: 1
A80: 4.3.1.1 | B80: 99059 | C80: SINAPI | D80: LOCAÇÃO CONVENCIONAL DE OBRA, UTILIZANDO GABARITO DE TÁBUAS CORRIDAS PONTALETADAS A CADA 2,00M - 2 UTILIZAÇÕES. AF_03/2024 | E80: M | F80: 131.76
A81: 4.3.1.2 | B81: 96521 | C81: SINAPI | D81: ESCAVAÇÃO MECANIZADA PARA BLOCO DE COROAMENTO OU SAPATA COM RETROESCAVADEIRA (INCLUINDO ESCAVAÇÃO PARA COLOCAÇÃO DE FÔRMAS). AF_01/2024 | E81: m³ | F81: 26.76
A82: 4.3.1.3 | B82: 96619 | C82: SINAPI | D82: LASTRO DE CONCRETO MAGRO, APLICADO EM BLOCOS DE COROAMENTO OU SAPATAS, ESPESSURA DE 5 CM. AF_01/2024 | E82: m² | F82: 54.96
A83: 4.3.1.4 | B83: 104921 | C83: SINAPI | D83: ARMAÇÃO DE BLOCO, SAPATA ISOLADA, VIGA BALDRAME E SAPATA CORRIDA UTILIZANDO AÇO CA-50 DE 16 MM - MONTAGEM. AF_01/2024 | E83: KG | F83: 600
A84: 4.3.1.5 | B84: 96534 | C84: SINAPI | D84: FABRICAÇÃO, MONTAGEM E DESMONTAGEM DE FÔRMA PARA BLOCO DE COROAMENTO, EM MADEIRA SERRADA, E=25 MM, 4 UTILIZAÇÕES. AF_01/2024 | E84: m² | F84: 25.92
A85: 4.3.1.6 | B85: 96558 | C85: SINAPI | D85: CONCRETAGEM DE SAPATA, FCK 30 MPA, COM USO DE BOMBA - LANÇAMENTO, ADENSAMENTO E ACABAMENTO. AF_01/2024 | E85: m³ | F85: 6.45
A86: 4.3.1.7 | B86: 98557 | C86: SINAPI | D86: IMPERMEABILIZAÇÃO DE SUPERFÍCIE COM EMULSÃO ASFÁLTICA, 2 DEMÃOS. AF_09/2023 | E86: m² | F86: 136.47
A87: 4.3.1.8 | B87: 92765 | C87: SINAPI | D87: ARMAÇÃO DE PILAR OU VIGA DE ESTRUTURA CONVENCIONAL DE CONCRETO ARMADO UTILIZANDO AÇO CA-50 DE 20,0 MM - MONTAGEM. AF_06/2022 | E87: KG | F87: 183.6
A88: 4.3.1.9 | B88: 92759 | C88: SINAPI | D88: ARMAÇÃO DE PILAR OU VIGA DE ESTRUTURA CONVENCIONAL DE CONCRETO ARMADO UTILIZANDO AÇO CA-60 DE 5,0 MM - MONTAGEM. AF_06/2022 | E88: KG | F88: 29.4
A89: 4.3.1.10 | B89: 92443 | C89: SINAPI | D89: MONTAGEM E DESMONTAGEM DE FÔRMA DE PILARES RETANGULARES E ESTRUTURAS SIMILARES, PÉ-DIREITO SIMPLES, EM CHAPA DE MADEIRA COMPENSADA PLASTIFICADA, 18 UTILIZAÇÕES. AF_09/2020 | E89: m² | F89: 36
A90: 4.3.1.11 | B90: 11760 | C90: Próprio | D90: CONCRETAGEM DE PILARES, FCK = 30 MPA, COM USO DE BOMBA - LANÇAMENTO, ADENSAMENTO E ACABAMENTO. | E90: m³ | F90: 4.5
A91: 4.3.1.12 | B91: 104918 | C91: SINAPI | D91: ARMAÇÃO DE SAPATA ISOLADA, VIGA BALDRAME E SAPATA CORRIDA UTILIZANDO AÇO CA-50 DE 8 MM - MONTAGEM. AF_01/2024 | E91: KG | F91: 92.1
... A96: 4.3.1.17 | B96: 96525 | C96: SINAPI | D96: ESCAVAÇÃO MECANIZADA PARA VIGA BALDRAME OU SAPATA CORRIDA COM MINI-ESCAVADEIRA (INCLUINDO ESCAVAÇÃO PARA COLOCAÇÃO DE FÔRMAS). AF_01/2024 | E96: m³ | F96: 15.09
A97: 4.3.2 | D97: SUPERESTRUTURA | F97: 1
A98: 4.3.2.1 | B98: 21544 | C98: Próprio | D98: VIGA EM MADEIRA LAMELADA COLADA FOLHOSA D60-SÉRIE H70 (S 60X7CM) - FORNECIMENTO E INSTALAÇÃO. | E98: M | F98: 361.98
A99: 4.3.2.2 | B99: 21545 | C99: Próprio | D99: RIPA EM MADEIRA LAMELADA COLADA FOLHOSA D60 - SÉRIE RIPA (40X80) - FORNECIMENTO E INSTALAÇÃO. | E99: M | F99: 1597.35
A100: 4.3.2.3 | B100: 21546 | C100: Próprio | D100: VIGA DE MADEIRA LAMELADA COLADA FOLHOSA D60-SÉRIE H180 (S 600X180) - FORNECIMENTO E INSTALAÇÃO. | E100: M | F100: 31.77
A101: 4.3.2.4 | B101: 21549 | C101: Próprio | D101: PILAR DE MADEIRA LAMELADA COLADA FOLHOSA D60 - SÉRIE H80 (S 400X80) - FORNECIMENTO E INSTALAÇÃO. | E101: M | F101: 111.6
A102: 4.4 | D102: ALVENARIAS, VEDAÇÕES E DIVISÓRIAS | F102: 1
A103: 4.4.1 | B103: 103356 | C103: SINAPI | D103: ALVENARIA DE VEDAÇÃO DE BLOCOS CERÂMICOS FURADOS NA HORIZONTAL DE 9X19X29 CM (ESPESSURA 9 CM) E ARGAMASSA DE ASSENTAMENTO COM PREPARO EM BETONEIRA. AF_12/2021 | E103: m² | F103: 23.7
A104: 4.4.2 | B104: 103360 | C104: SINAPI | D104: ALVENARIA DE VEDAÇÃO DE BLOCOS CERÂMICOS FURADOS NA HORIZONTAL DE 14X19X29 CM (ESPESSURA 14 CM) E ARGAMASSA DE ASSENTAMENTO COM PREPARO EM BETONEIRA. AF_12/2021 | E104: m² | F104: 107.01
A105: 4.4.3 | B105: 87879 | C105: SINAPI | D105: CHAPISCO APLICADO EM ALVENARIAS E ESTRUTURAS DE CONCRETO INTERNAS, COM COLHER DE PEDREIRO. ARGAMASSA TRAÇO 1:3 COM PREPARO EM BETONEIRA 400L. AF_10/2022 | E105: m² | F105: 124.14
A106: 4.4.4 | B106: 87894 | C106: SINAPI | D106: CHAPISCO APLICADO EM ALVENARIA (SEM PRESENÇA DE VÃOS) E ESTRUTURAS DE CONCRETO DE FACHADA, COM COLHER DE PEDREIRO. ARGAMASSA TRAÇO 1:3 COM PREPARO EM BETONEIRA 400L. AF_10/2022 | E106: m² | F106: 66.15
A107: 4.4.5 | B107: 87905 | C107: SINAPI | D107: CHAPISCO APLICADO EM ALVENARIA (COM PRESENÇA DE VÃOS) E ESTRUTURAS DE CONCRETO DE FACHADA, COM COLHER DE PEDREIRO. ARGAMASSA TRAÇO 1:3 COM PREPARO EM BETONEIRA 400L. AF_10/2022 | E107: m² | F107: 157.38
A108: 4.4.6 | B108: 87777 | C108: SINAPI | D108: EMBOÇO OU MASSA ÚNICA EM ARGAMASSA TRAÇO 1:2:8, PREPARO MANUAL, APLICADA MANUALMENTE EM PANOS DE FACHADA COM PRESENÇA DE VÃOS, ESPESSURA DE 25 MM. AF_08/2022 | E108: m² | F108: 122.13
A109: 4.4.7 | B109: 87794 | C109: SINAPI | D109: EMBOÇO OU MASSA ÚNICA EM ARGAMASSA TRAÇO 1:2:8, PREPARO MANUAL, APLICADA MANUALMENTE EM PANOS CEGOS DE FACHADA (SEM PRESENÇA DE VÃOS), ESPESSURA DE 25 MM. AF_09/2022 | E109: m² | F109: 101.4
A110: 4.4.8 | B110: 87536 | C110: SINAPI | D110: EMBOÇO, EM ARGAMASSA TRAÇO 1:2:8, PREPARO MANUAL, APLICADO MANUALMENTE EM PAREDES INTERNAS DE AMBIENTES COM ÁREA MAIOR QUE 10M², E = 17,5MM, COM TALISCAS. AF_03/2024 | E110: m² | F110: 123.84
A111: 4.4.9 | B111: 105022 | C111: SINAPI | D111: VERGA PRÉ-MOLDADA COM ATÉ 1,5 M DE VÃO, ESPESSURA DE *10* CM. AF_03/2024 | E111: M | F111: 3.3
A112: 4.4.10 | B112: 105026 | C112: SINAPI | D112: VERGA MOLDADA IN LOCO COM UTILIZAÇÃO DE BLOCOS CANALETA, ESPESSURA DE *10* CM. AF_03/2024 | E112: M | F112: 16.2
A113: 4.4.11 | B113: 105028 | C113: SINAPI | D113: CONTRAVERGA PRÉ-MOLDADA, ESPESSURA DE *10* CM. AF_03/2024 | E113: M | F113: 16.2
A114: 4.5 | D114: COBERTURA | F114: 1
...

Sheet Cronograma FF
A2: CRONOGRAMA FÍSICO E FINANCEIRO SEM DESONERAÇÃO - MODELO LICITANTE
A3: ='Resumo do Orçamento'!A3 -> Obra: | B3: ='Resumo do Orçamento'!B3 -> CONTRATAÇÃO DE EMPRESA ESPECIALIZADA EM ENGENHARIA PARA EXECUÇÃO DE SERVIÇOS DE REFORMA E AMPLIAÇÃO DA INFRAESTRUTURA URBANA E PAISAGÍSTICA DESTINADA À IMPLANTAÇÃO DE PARQUE LINEAR INTEGRADO AO PARQUE ESTADUAL HORTO DE DOIS IRMÃOS, LOCALIZADO NO MUNICÍPIO DO RECIFE, ESTADO DE PERNAMBUCO | I3: ='Resumo do Orçamento'!C3 -> Responsável técnico:
A4: ='Resumo do Orçamento'!A4 -> Local: | B4: ='Resumo do Orçamento'!B4 -> PRAÇA FARIAS NEVES, S/N - DOIS IRMÃOS, RECIFE - PE, 52171-011 | I4: ='Resumo do Orçamento'!C4 -> BDI DE SERVIÇO:
A5: ='Resumo do Orçamento'!A5 -> Data base: | I5: ='Resumo do Orçamento'!C5 -> MERO FORNECIMENTO E MERO FORNECIMENTO COM INSTALAÇÃO
A6: ='Resumo do Orçamento'!A6 -> Prazo de execução: | I6: ='Resumo do Orçamento'!C6 -> ENCARGOS SOCIAIS
A7: ITEM | B7: DESCRIÇÃO | C7: TOTAL | D7: TOTAIS | E7: 1º MÊS | F7: 2º MÊS | G7: 3º MÊS | H7: 4º MÊS | I7: 5º MÊS | J7: 6º MÊS
A8: 1 | B8: =VLOOKUP(A8, 'Resumo do Orçamento'!$A$10:$M$118, 2, 0) -> ADMINISTRAÇÃO LOCAL
A10: 2 | B10: =VLOOKUP(A10, 'Resumo do Orçamento'!$A$10:$M$118, 2, 0) -> INSTALAÇÕES PROVISÓRIAS
A12: 3 | B12: =VLOOKUP(A12, 'Resumo do Orçamento'!$A$10:$M$118, 2, 0) -> DEMOLIÇÕES E REMOÇÕES
A14: 4 | B14: =VLOOKUP(A14, 'Resumo do Orçamento'!$A$10:$M$118, 2, 0) -> QUIOSQUES (3 UNIDADES)
A16: 5 | B16: =VLOOKUP(A16, 'Resumo do Orçamento'!$A$10:$M$118, 2, 0) -> BILHETERIA
A18: 6 | B18: =VLOOKUP(A18, 'Resumo do Orçamento'!$A$10:$M$118, 2, 0) -> GUARITA
A20: 7 | B20: =VLOOKUP(A20, 'Resumo do Orçamento'!$A$10:$M$118, 2, 0) -> BANHEIROS
A22: 8 | B22: =VLOOKUP(A22, 'Resumo do Orçamento'!$A$10:$M$118, 2, 0) -> PÓRTICO/PORTARIA
A24: 9 | B24: =VLOOKUP(A24, 'Resumo do Orçamento'!$A$10:$M$118, 2, 0) -> PAINEL
A26: 10 | B26: =VLOOKUP(A26, 'Resumo do Orçamento'!$A$10:$M$118, 2, 0) -> ÁREA EXTERNA - IMPLANTAÇÃO
A28: 11 | B28: =VLOOKUP(A28, 'Resumo do Orçamento'!$A$10:$M$118, 2, 0) -> LIMPEZA FINAL DE OBRA
A30: 12 | B30: =VLOOKUP(A30, 'Resumo do Orçamento'!$A$10:$M$118, 2, 0) -> ELABORAÇÃO DE PROJETO EXECUTIVO
A33: Porcentagem SEM ADM
A34: Custo SEM ADM
A35: Porcentagem Acumulado SEM ADM
A36: Custo Acumulado SEM ADM
A38: Porcentagem COM ADM
A39: Custo COM ADM
A40: Porcentagem Acumulado COM ADM
A41: Custo Acumulado COM ADM
A42: TOTAL SEM ADM
A43: TOTAL COM ADM
A44: _______________________________________________________________
